AoeStats
← Killer13347_tt

Arabia

509760835Analyzed
3v3 RM · 6d ago on Sep 27, 2026· 27m 59s· 6 players
Game mode
Random Map
Map size
Normal (6 player)
Population
200
Speed
Normal
Resources
Standard
Victory
Conquest
Starting age
Dark Age
Ending age
Imperial Age
RankedLock teamsTeams togetherTeam positionsShared explorationLock speedFull tech treeHidden civsTurbo modeCheats
Victory
Defeat
🇨🇱 Burgundians · Chile
964
+14
🇨🇱 Celts · Chile
924
+15
🇨🇱 Spanish · Chile
923
+16
🇿🇦 Japanese · South Africa
911
-42
🇿🇦 Vikings · South Africa
911
-42
🇺🇸 Goths · United States
911
-42
Killer13347_tt
2:38 Loom
12:20 Feudal Age
ragnarthered875
11:50 Feudal Age
12:28 Double-Bit Axe
12:25 Horse Collar
HowlsMysticCharm
14:45 Feudal Age
22:30 Horse Collar
Frantastique
11:52 Feudal Age
13:43 Double-Bit Axe
13:52 Loom
16:33 Castle Age
14:21 Loom
14:31 Horse Collar
18:39 Husbandry
20:59 Bloodlines
22:25 Scale Barding Armor
25:00 Wheelbarrow
25:22 Chain Barding Armor
24:59 Town Watch
27:04 Hand Cart
28:19 Forging
croockerwilliam
7:56 Double-Bit Axe
7:59 Horse Collar
13:07 Feudal Age
15:40 Wheelbarrow
18:23 Castle Age
18:37 Heavy Plow
18:49 Bow Saw
18:36 Gold Mining
19:31 Scale Barding Armor
20:02 Husbandry
21:09 Forging
23:00 Chain Barding Armor
24:29 Iron Casting
24:27 Crop Rotation
25:01 Cavalier
gnzlozc
14:05 Feudal Age
15:08 Double-Bit Axe
15:32 Horse Collar
15:46 Gold Mining
16:57 Wheelbarrow
18:25 Stone Mining
20:34 Arson
20:10 Man-at-Arms
22:23 Scale Mail Armor
26:21 Castle Age
24:08 Town Watch
25:43 Forging
26:41 Scale Barding Armor
Connection lost

Rejoining the realm…

Still unreachable

The connection could not be restored.

Session expired

The server has moved on; the page needs a fresh start.